 Dungeon Crawl Stone Soup version 0.19-a0-1007-g133f65f (webtiles) character file.

156 epen the Sneak (level 5, -13/37 HPs)
             Began as an Octopode Monk on July 20, 2016.
             Mangled by Ajdolov's ghost (14 damage)
             ... on level 3 of the Dungeon.
             The game lasted 00:04:03 (2453 turns).

epen the Sneak (Octopode Monk)                      Turns: 2453, Time: 00:04:04

Health: -13/37     AC:  1    Str: 10    XL:     5   Next: 37%
Magic:  0/5        EV: 14    Int: 13    God:
Gold:   173        SH:  0    Dex: 15    Spells: 0 memorised, 4 levels left

rFire  . . .     SeeInvis .       - Unarmed
rCold  . . .     Gourm    .     (no shield)
rNeg   . . .     Faith    .     (helmet restricted)
rPois  +         Spirit   +     i - amulet of guardian spirit
rElec  .         Dismiss  .     d - ring of poison resistance
rCorr  .         Reflect  .     (no ring)
SustAt .         Harm     .     (no ring)
MR     .....                    (no ring)
Stlth  ++++......               (no ring)
                                (no ring)
                                (no ring)
                                (no ring)

@: not resistant to hostile enchantments, stealthy
A: almost no armour, amphibious, 8 rings, constrict 8, camouflage 1, gelatinous
body 1
a: no special abilities


You were on level 3 of the Dungeon.
You were hungry.

You visited 1 branch of the dungeon, and saw 3 of its levels.

You collected 173 gold pieces.

Inventory:

Jewellery
 d - a ring of poison resistance (left tentacle)
 i - an amulet of guardian spirit (around mantle)
Scrolls
 b - a scroll of enchant armour {unknown}
 c - 3 scrolls of teleportation {unknown}
 e - a scroll of amnesia {unknown}
 g - 3 scrolls of remove curse {unknown}
 h - a scroll of fear {unknown}
 j - a scroll of blinking {unknown}
 k - 4 scrolls of identify {unknown}
 l - a scroll of magic mapping {unknown}
Potions
 f - 2 potions of agility {unknown}
 n - 2 potions of heal wounds {unknown}
 o - a potion of haste {unknown}
Comestibles
 a - 2 bread rations
 m - a beef jerky
 p - a royal jelly


   Skills:
 + Level 3.8 Fighting
 + Level 3.9 Dodging
 + Level 4.1 Stealth
 * Level 4.1 Unarmed Combat


You had 4 spell levels left.
You didn't know any spells.

Dungeon Overview and Level Annotations

Branches:
Dungeon (3/15)

Altars:
Qazlal
Zin

Annotations:
D:3 Ajdolov's ghost, amateur OpFi


Innate Abilities, Weirdness & Mutations

You cannot wear most types of armour.
You are amphibious.
You can wear up to eight rings at the same time.
You can use your tentacles to constrict eight enemies at once.
Your skin changes colour to match your surroundings (Stealth+).
Your rubbery body absorbs attacks. (AC +1)


Message History

Ajdolov's ghost hits you.
You bludgeon Ajdolov's ghost!
Ajdolov's ghost is heavily damaged.
Ajdolov's ghost hits you!
You tentacle-slap Ajdolov's ghost. You squeeze Ajdolov's ghost.
Ajdolov's ghost is severely damaged.
Ajdolov's ghost hits you!
* * * LOW HITPOINT WARNING * * *
You are too injured to fight recklessly!
You miss Ajdolov's ghost.
Ajdolov's ghost is severely damaged.
Ajdolov's ghost hits you.
* * * LOW HITPOINT WARNING * * *
You closely miss Ajdolov's ghost. Your squeeze misses Ajdolov's ghost.
Ajdolov's ghost is severely damaged.
Ajdolov's ghost barely misses you.
You bludgeon Ajdolov's ghost!
Ajdolov's ghost is almost destroyed.
Ajdolov's ghost hits you!
You die...

### #####.######
..[..#.....#
....###.##.########
####.#............#
#...#.#####....### #.#.#.#
#.......# #.#.#.# #.)..[..#
##.#.#.# #..W@...# #..#.#.#
###...†###########
#.##.#....................#
#.##.#########.##########.#
###.##.# #.# #.# .......#
#.# ##.# ###.#### #.# #..#
#.# #.# #.## #.# #. #.#


You could see Ajdolov's ghost.

Vanquished Creatures
  A hound (D:2)
  7 adders
  An ooze (D:1)
  4 worms
  2 dart slugs (D:2)
  A giant gecko (D:3)
  10 bats
  3 giant cockroaches
  4 goblins
  5 hobgoblins
  A quokka (D:2)
  A ball python (D:3)
  2 giant newts
  3 kobolds
  6 rats
51 creatures vanquished.

Notes
Turn   | Place    | Note
-------+----------+-------------------------------------------
     0 | D:1      | epen the Octopode Monk began the quest for the Orb.
     0 | D:1      | Reached XP level 1. HP: 16/16 MP: 1/1
   336 | D:1      | Reached XP level 2. HP: 11/21 MP: 2/2
   738 | D:2      | Found a stormy altar of Qazlal.
   787 | D:2      | Reached XP level 3. HP: 12/26 MP: 3/3
  1625 | D:2      | Reached XP level 4. HP: 25/31 MP: 4/4
  2058 | D:2      | Reached XP level 5. HP: 34/37 MP: 5/5
  2172 | D:3      | Found a glowing silver altar of Zin.
  2306 | D:3      | Noticed Ajdolov's ghost (amateur OpFi)
  2451 | D:3      | HP: 1/37 [Ajdolov's ghost (5)]
  2453 | D:3      | Mangled by Ajdolov's ghost

Vault maps used:
D:1:      dpeg_arrival_windows_large_door, kennysheep_another_room,
          grunt_decor_resistance
D:2:      grunt_qazlal_clouds
D:3:      zin_treasury, nicolae_overflow_hidden_temple, eino_tiny_chamber

Skill      XL: |  1  2  3  4  5 |
---------------+----------------+-----
Stealth        | 3 4 |  4.1
Unarmed Combat | 4 |  4.1
Fighting       | |  3.8
Dodging        | |  3.9

Action                   |  1- 3 |  4- 6 || total
-------------------------+-------+-------++-------
Melee: Unarmed           |    71 |    57 ||   128
       Constrict         |    14 |    14 ||    28
       Tentacles         |     9 |    13 ||    22
       Punch             |     1 |       ||     1
 Stab: Sleeping          |    10 |    11 ||    21
  Eat: Chunk             |     2 |     2 ||     4
Armor: Skin              |     4 |     2 ||     6
Dodge: Dodged            |    30 |    28 ||    58
